 Dungeon Crawl Stone Soup version 0.31.0-9-g3a7656b989 (webtiles) character file.

Game seed: 4924597166054485350

294 mtoz the Firebug (level 6, 0/32 HPs)
             Began as a Gargoyle Fire Elementalist on Jan 24, 2024.
             Killed from afar by a steam dragon (24 damage)
             ... with a ball of steam
             ... on level 4 of the Dungeon on Jan 25, 2024.
             The game lasted 00:34:12 (4186 turns).

mtoz the Firebug (Gargoyle Fire Elementalist)       Turns: 4186, Time: 00:34:13

Health: 0/32       AC: 17    Str: 12    XL:     6   Next: 33%
Magic:  10/19      EV: 11    Int: 17    God:
Gold:   314        SH:  0    Dex: 10    Spells: 8/11 levels left

rFire   . . .        (no weapon)
rCold   . . .        (no shield)
rNeg    + . .        l - +0 leather armour
rPois   ∞            a - +0 helmet
rElec   +            g - +0 cloak
rCorr   .            m - +0 pair of gloves
SInv    .            i - +1 pair of boots
Will    .....        (no amulet)
Stlth   ++           t - ring of magical power
HPRegen 0.25/turn    v - +4 ring of protection
MPRegen 0.16/turn

%: no passive effects
@: no status effects
A: sickness immunity, AC +4, negative energy resistance 1, electricity
resistance, torment resistance 1, petrification resistance
a: no special abilities


You were on level 4 of the Dungeon.
You visited 1 branch of the dungeon, and saw 4 of its levels.

You collected 314 gold pieces.

Inventory:

Missiles
 e - 6 atropa-tipped darts
Armour
 a - a +0 helmet (worn)
 g - a +0 cloak (worn)
 i - a +1 pair of boots (worn)
 l - a +0 leather armour (worn)
 m - a +0 pair of gloves (worn)
Jewellery
 t - a ring of magical power (left hand)
 v - a +4 ring of protection (right hand)
Talismans
 b - a flux talisman
Scrolls
 h - 4 scrolls of amnesia
 n - 2 scrolls of teleportation
 q - 3 scrolls of identify
Potions
 d - a potion of curing
 f - a potion of heal wounds


   Skills:
 + Level 2.0 Armour
 + Level 2.5 Dodging
 + Level 3.7 Stealth
 + Level 3.0 Spellcasting
 + Level 2.9 Conjurations
 + Level 3.9 Fire Magic


You had 8 spell levels left.
You knew the following spells:

 Your Spells              Type           Power      Damage    Failure   Level
a - Foxfire               Conj/Fire      56%        2x1d6     5%          1
b - Scorch                Fire           30%        2d6       7%          2

Your spell library contained the following spells:

 Spells                   Type           Power      Damage    Failure   Level
 Kiss of Death            Conj/Necr      28%        2d7       12%         1
 Inner Flame              Hex/Fire       9%         N/A       30%         3
 Volatile Blastmotes      Fire/Tloc      18%        2d11      30%         3
 Flame Wave               Conj/Fire      14%        2d6       47%         4
 Confusing Touch          Hex            2%         N/A       54%         3
 Dispel Undead            Necr           2%         3d7       91%         4


Dungeon Overview and Level Annotations

Branches:
Dungeon (4/15)
 Temple: D:4-7

Altars:


Innate Abilities, Weirdness & Mutations

You are immune to sickness and miasma.
Your stone body is resilient. (AC +4)
You are immune to poison.
You resist negative energy. (rN+)
You are resistant to electric shocks. (rElec)
You are resistant to unholy torment.
You are immune to petrification.


Message History

The steam dragon barely misses you. x2
Your foxfire dissipates!
The foxfire hits the steam dragon but does no damage.
The steam dragon is lightly wounded.
The steam dragon bites you but does no damage.
The steam dragon closely misses you.
Casting: Foxfire (safe; 5% risk of failure)
Press: ? - help, Q - select action, (/) - cycle Dir - look around, f - activate You conjure some foxfire!
The steam dragon bites you but does no damage.
The steam dragon claws you but does no damage.
Casting: Foxfire (safe; 5% risk of failure)
Press: ? - help, Q - select action, (/) - cycle Dir - look around, f - activate You conjure some foxfire!
The foxfire hits the steam dragon but does no damage.
The steam dragon is lightly wounded.
The foxfire hits the steam dragon.
The steam dragon is moderately wounded.
The steam dragon breathes steam at you.
The ball of steam hits you but does no damage.
You are engulfed in a cloud of scalding steam.
The foxfire hits the steam dragon but does no damage.
The steam dragon is moderately wounded.
The steam dragon barely misses you. The steam dragon closely misses you.
Casting: Foxfire (safe; 5% risk of failure)
Press: ? - help, Q - select action, (/) - cycle Dir - look around, f - activate You conjure some foxfire!
You are engulfed in a cloud of scalding steam.
The steam dragon bites you but does no damage.
The steam dragon claws you but does no damage.
Your magical contamination has completely faded away.
You are engulfed in a cloud of scalding steam.
The foxfire hits the steam dragon.
The steam dragon is moderately wounded.
The foxfire hits the steam dragon.
The steam dragon is heavily wounded.
The steam dragon breathes steam at you. The ball of steam hits you!!
Ouch! That really hurt!
You die...

#####....##
#$/#.####.#
###)D#.# #.#
#..###.# #.# #
.###.####.#
#†.##.#.†##
###..##.#..#
#§D####.#'######
#@.####.#....'.#
###§...##.88.#.#
#######.88.#.#
#....#.#
######.###
#.........
###....#####
..#....#
#.#....#


You could see a steam dragon (catching breath).

Vanquished Creatures
  A bullfrog (D:4)
  2 scorpions (D:4)
  3 adders
  A dart slug (D:3)
  A ribbon worm (D:3)
  8 orcs
  4 endoplasms
  5 giant cockroaches
  5 goblins
  7 hobgoblins
  5 jackals
  4 kobolds
  9 ball pythons
  4 bats (D:1)
  6 frilled lizards
  6 rats
  A spectral goblin (D:2)
72 creatures vanquished.

Vanquished Creatures (collateral kills)
  4 foxfires (D:3)
4 creatures vanquished.

Vanquished Creatures (others)
  296 foxfires
296 creatures vanquished.

Grand Total: 372 creatures vanquished

Notes
Turn   | Place    | Note
-------+----------+-------------------------------------------
     0 | D:1      | mtoz the Gargoyle Fire Elementalist began the quest for the
                  | Orb.
     0 | D:1      | Reached XP level 1. HP: 10/10 MP: 3/3
   348 | D:2      | Reached XP level 2. HP: 9/15 MP: 3/5
   533 | D:2      | Found a faded altar of an unknown god.
   555 | D:2      | Learned a level 2 spell: Scorch
   820 | D:1      | Reached XP level 3. HP: 19/19 MP: 2/6
  2624 | D:3      | Reached XP level 4. HP: 24/24 MP: 7/7
  3419 | D:3      | Reached skill level 1 in Armour
  3548 | D:4      | Noticed a scorpion
  3607 | D:4      | Killed a scorpion
  3608 | D:4      | Reached XP level 5. HP: 28/28 MP: 0/9
  4108 | D:4      | Reached XP level 6. HP: 31/32 MP: 10/10
  4150 | D:4      | Noticed a steam dragon
  4186 | D:4      | Killed from afar by a steam dragon

Illustrated notes

Levels and vault maps discovered:
D:1:      mrwooster_arrival_statue, layout_loops_corners
D:2:      layout_loops_cross, dreamdust_ecumenical_altar_drowned_temple,
          kennysheep_potato
D:3:      layout_basic, minmay_misc_feat_pillars, minmay_gold_behind_fungi
D:4:      minmay_chambers_of_fours, layout_basic, nemelex_diamond_rough_becter

Skill      XL: |  1  2  3  4  5  6 |
---------------+-------------------+-----
Dodging        | 2 |  2.5
Conjurations   | 2 |  2.9
Stealth        | 3 |  3.7
Armour         | 1 2 |  2.0
Spellcasting   | 3 |  3.0
Fire Magic     | |  3.9

Action                     |  1- 3 |  4- 6 || total
---------------------------+-------+-------++-------
   Cast: Foxfire           |    97 |   109 ||   206
    Use: Potion            |     5 |     4 ||     9
         Scroll            |     7 |     1 ||     8
 Armour: Robe              |    52 |    36 ||    88
         Leather armour    |       |    49 ||    49
  Dodge: Dodged            |    64 |    80 ||   144
